 Dungeon Crawl Stone Soup version 0.30.1-11-g7821555f0a (webtiles) character file.

Game seed: 1610822652920436969

59 fireball365 the Trooper (level 4, 0/40 HPs)
             Began as a Hill Orc Fighter on Dec 14, 2023.
             Slain by an orc
             ... wielding a +3 trident
              (8 damage)
             ... on level 3 of the Dungeon.
             The game lasted 00:04:15 (1669 turns).

fireball365 the Trooper (Hill Orc Fighter)          Turns: 1669, Time: 00:04:15

Health: 0/40       AC:  6    Str: 26    XL:     4   Next: 3%
Magic:  4/4        EV:  9    Int:  8    God:
Gold:   99         SH:  9    Dex: 10    Spells: 3/3 levels left

rFire   . . .        a - +0 war axe
rCold   . . .        c - +0 buckler
rNeg    . . .        b - +0 scale mail
rPois   .            (no helmet)
rElec   .            (no cloak)
rCorr   .            (no gloves)
SInv    .            (no boots)
Will    +....        l - amulet of reflection Stlth
                     h - +6 ring of strength
HPRegen 0.26/turn    n - ring of willpower
MPRegen 0.09/turn

%: reflection
@: lethally poisoned (0 -> -3)
A: no striking features
a: no special abilities


You were on level 3 of the Dungeon.
You visited 1 branch of the dungeon, and saw 3 of its levels.

You collected 99 gold pieces.

Inventory:

Hand Weapons
 a - a +0 war axe (weapon)
Missiles
 p - 2 atropa-tipped darts (quivered)
Armour
 b - a +0 scale mail (worn)
 c - a +0 buckler (worn)
Jewellery
 h - a +6 ring of strength (left hand)
 l - an amulet of reflection (around neck)
 n - a ring of willpower (right hand)
Scrolls
 e - a scroll of noise {unknown}
 f - 2 scrolls of immolation
 i - 3 scrolls of teleportation
 j - a scroll of enchant weapon {unknown}
 o - a scroll of brand weapon {unknown}
 q - a scroll of vulnerability {unknown}
 s - a scroll of blinking {unknown}
 t - a scroll of poison {unknown}
Potions
 d - a potion of might
 g - a potion of degeneration
 k - 3 potions of haste
 m - a potion of curing {unknown}
 r - a potion of heal wounds {unknown}


   Skills:
 + Level 4.2 Fighting
 + Level 3.8 Axes
 + Level 3.6 Armour
 + Level 0.4 Dodging
 + Level 0.5 Stealth
 + Level 3.6 Shields


You had 3 spell levels left.
You didn't know any spells.
Your spell library contained the following spells:

 Spells                   Type           Power      Damage    Failure   Level
 Ensorcelled Hibernation  Hex/Ice        0%         N/A       87%         2
 Passwall                 Tmut/Erth      0%         N/A       87%         2
 Swiftness                Air            0%         N/A       98%         3


Dungeon Overview and Level Annotations

Branches:
Dungeon (3/15)

Altars:
Uskayaw


Message History

Found a stone staircase leading up.
The orc shouts!
An orc comes into view. It is wielding a +2 hand axe of venom.
You block the orc's attack.
You closely miss the orc. You hit the orc. You block the orc's attack. x2
The orc barely misses you. x2; The orc hits you with a +0 flail!
The orc closely misses you.
You closely miss the orc. x2; You slash the orc!
You kill the orc!
The orc closely misses you. You block the orc's attack.
The orc barely misses you.
You hit the orc but do no damage. You barely miss the orc.
The orc hits you but does no damage. You block the orc's attack.
The orc hits you but does no damage.
You barely miss the orc. You closely miss the orc.
The orc hits you but does no damage. You block the orc's attack.
The orc barely misses you.
You hit the orc.
The orc is heavily wounded.
You hit the orc. You block the orc's attack.
The orc hits you from afar with a +3 trident!
You block the orc's attack.
The orc hits you from afar with a +3 trident.
You block the orc's attack. The orc hits you but does no damage.
You are poisoned.
You hit the orc.
You kill the orc!
You slash the orc!
You kill the orc!
You feel very sick. You block the orc's attack.
You have reached level 4!
You feel sick. The orc hits you with a +3 trident.
* * * LOW HITPOINT WARNING * * *
Things that are here:
a +0 short sword; a +0 ring mail You hit the orc.
The orc is lightly wounded.
You feel sick. You block the orc's attack. The orc hits you with a +3 trident!
You die...

............#####.
##................
#.........).######
............####
...............##
................#
...........##..#
...........# ...#
......)@)..# #..
........o#.# ..
.........###
.........<
.........##
.........#
.........#
........##


You could see an orc.

Vanquished Creatures
  An adder (D:2)
  A dart slug (D:1)
  3 orcs (D:3)
  6 endoplasms
  2 giant cockroaches
  7 goblins
  3 hobgoblins
  3 kobolds
  6 ball pythons
  5 bats
  4 rats
41 creatures vanquished.

Notes
Turn   | Place    | Note
-------+----------+-------------------------------------------
     0 | D:1      | fireball365 the Hill Orc Fighter began the quest for the
                  | Orb.
     0 | D:1      | Reached XP level 1. HP: 19/19 MP: 1/1
   156 | D:1      | Reached skill level 4 in Fighting
   156 | D:1      | Reached XP level 2. HP: 16/27 MP: 2/2
   603 | D:1      | Reached XP level 3. HP: 29/33 MP: 3/3
  1594 | D:3      | Found a hide-covered altar of Uskayaw.
  1668 | D:3      | Reached XP level 4. HP: 11/40 MP: 4/4
  1669 | D:3      | Slain by an orc

Illustrated notes

Levels and vault maps discovered:
D:1:      reono_arrival_mine, layout_rooms, minmay_octomino_e4
D:2:      layout_basic
D:3:      layout_rooms, nicolae_uskayaw_dance_hall, gammafunk_ghost_smash

Skill      XL: |  1 |
---------------+----+-----
Fighting       | 4 |  4.2
Axes           | 3 |  3.8
Armour         | |  3.6
Dodging        | |  0.4
Stealth        | |  0.5
Shields        | |  3.6

Action                     |  1- 3 |  4- 6 || total
---------------------------+-------+-------++-------
  Melee: War axe           |   101 |     1 ||   102
    Use: Scroll            |     4 |       ||     4
 Armour: Scale mail        |    93 |       ||    93
  Dodge: Dodged            |    64 |       ||    64
  Block: Buckler           |    80 |     1 ||    81
         Reflection        |     2 |       ||     2
